 Dungeon Crawl Stone Soup version 0.21.1-1-g345015f (webtiles) character file.

9243 KeyboardFingers the Cruncher (level 11, -4/97 HPs)
             Began as a Minotaur Berserker on June 11, 2018.
             Was a High Priest of Trog.
             Slain by a wolf (5 damage)
             ... on level 1 of the Lair of Beasts.
             The game lasted 01:09:20 (5869 turns).

KeyboardFingers the Cruncher (Minotaur Berserker)   Turns: 5869, Time: 01:09:21

Health: -4/97      AC: 14    Str: 29    XL:     11   Next: 20%
Magic:  10/10      EV: 12    Int:  4    God:    Trog [*****.]
Gold:   375        SH:  0    Dex: 11    Spells: 10/10 levels left

rFire    + . .     SeeInvis .   b - +6 quarterstaff (chaos)
rCold    + . .     Gourm    .   (shield currently unavailable)
rNeg     . . .     Faith    .   u - +0 chain mail "Pimeadad" {rC+ MR- rCorr Str+5} (curse)
rPois    .         Spirit   .   (helmet restricted)
rElec    .         Reflect  .   O - +2 cloak
rCorr    +         Harm     .   (no gloves)
MR       .....                  (no boots)
Stlth    ..........             (no amulet)
HPRegen  0.26/turn              J - ring of protection from fire
MPRegen  0.12/turn              i - ring of protection from magic

@: berserk cooldown, very slightly contaminated, slowed, very slow
A: retaliatory headbutt, horns 2
a: Berserk, Trog's Hand, Brothers in Arms, Burn Spellbooks, Renounce Religion


You were on level 1 of the Lair of Beasts.
You worshipped Trog.
Trog was extremely pleased with you.
You were near starving.

You visited 3 branches of the dungeon, and saw 11 of its levels.

You collected 375 gold pieces.

Inventory:

Hand Weapons
 a - a +1 spear
 b - a +6 quarterstaff of chaos (weapon)
 n - a +0 spear
 s - a +0 falchion
 y - a +0 scythe of protection
 A - the +3 rapier of the Endless Expanse {pierce, +Rage rPois MR-}
   (You found it on level 5 of the Dungeon)

   It inflicts extra damage upon your enemies.
   It protects you from poison.
   It affects your resistance to hostile enchantments.
   It lets you go berserk.
Armour
 e - a +0 ring mail
 g - a +0 chain mail
 o - a +2 cloak
 p - a +0 shield
 u - the cursed +0 chain mail "Pimeadad" (worn) {rC+ MR- rCorr Str+5}
   (You found it on level 4 of the Dungeon)

   It affects your strength (+5).
   It protects you from cold.
   It affects your resistance to hostile enchantments.
   It protects you from acid and corrosion.
   It has a curse placed upon it.
 H - a +0 cloak
 O - a +2 cloak (worn)
Magical Staves
 C - an uncursed staff of death {unknown}
Jewellery
 h - an uncursed ring of resist corrosion
 i - a ring of protection from magic (right hand)
 q - an uncursed ring of ice
 w - an uncursed ring of protection from cold
 J - a ring of protection from fire (left hand)
 K - an uncursed ring of ice
Wands
 D - a wand of iceblast (9)
Scrolls
 d - 4 scrolls of teleportation
 v - 3 scrolls of remove curse
 x - 7 scrolls of identify
 z - a scroll of amnesia {unknown}
 B - 3 scrolls of enchant armour
 F - a scroll of magic mapping
 G - a scroll of fog
 L - a scroll of summoning {unknown}
Potions
 f - a potion of degeneration
 j - a potion of ambrosia {unknown}
 k - a potion of magic {unknown}
 l - 2 potions of resistance
 m - a potion of agility
 r - a potion of heal wounds {unknown}
 I - a potion of might {unknown}
 N - a potion of curing {unknown}
Books
 E - a book of Air

   Spells                             Type                      Level
   a - Shock                          Conjuration/Air              1
   b - Swiftness                      Charms/Air                   2
   c - Static Discharge               Conjuration/Air              3
   d - Airstrike                      Air                          4
   e - Lightning Bolt                 Conjuration/Air              5
   Trog disapproves of the use of such an item.
Comestibles
 c - 11 rations


   Skills:
 * Level 9.5 Fighting
 - Level 5.3(10.5) Polearms
 + Level 13.7(14.1) Staves
 + Level 8.8 Armour
 * Level 7.7 Dodging
 - Level 2.0 Shields


You had 10 spell levels left.
You didn't know any spells.

Dungeon Overview and Level Annotations

Branches:
Dungeon (9/15)             Temple (1/1) D:5            Lair (1/6) D:9
    Orc: D:9-12

Altars:
Ashenzari
Cheibriados
Dithmenos
Elyvilon
Fedhas
Gozag
Hepliaklqana
Kikubaaqudgha
Makhleb
Nemelex Xobeh
Okawaru
Qazlal
Ru
Sif Muna
Trog
Uskayaw
Vehumet
Wu Jian
Xom
Yredelemnul
Zin
The Shining One

Shops:
D:6 }


Innate Abilities, Weirdness & Mutations

You reflexively headbutt those who attack you in melee.
You have a pair of horns on your head.


Message History

You hear a howl!
Something bites you but does no damage.
You hear a howl!
You hear a howl! x2
Something bites you but does no damage. Something bites you.
* * * LOW HITPOINT WARNING * * *
Found a stone staircase leading down.
A wolf appears from thin air!
Reactivating autopickup.
The wolf closely misses you. You furiously retaliate!
You headbutt the wolf! The wolf closely misses you. The wolf barely misses you.
You furiously retaliate!
You headbutt the wolf!
You kill the wolf!
Trog accepts your kill. The wolf bites you but does no damage.
You hear a howl!
The wolf bites you.
* * * LOW HITPOINT WARNING * * *
The wolf bites you.
You die...

###...###...........P##..........
..†..............................
h§††.............................
h...............###..............
#####............##....##.#######
#P...........##.....###..#####
................................
...>.............................
.............†.h@................
.#..........#####.....††...#####.
#P.......... ##<..#.##..#
#..........## #...####..#
#.........# #.[.# #..# .........#
#...# #..# ........# #.... #..#
.....>. #..... ...# .......


You could see a wolf (berserk).

Vanquished Creatures
  2 two-headed ogres (D:8)
  A cyclops (D:7)
  A manticore (D:8)
  A spiny frog (Lair:1)
  The ghost of nicolaieve the Chopper, an amateur MiBe of Trog (D:4)
  A wind drake (Lair:1)
  2 hippogriffs (Lair:1)
  3 yaks (Lair:1)
  Sigmund (D:5)
  2 humans (D:7)
  A water moccasin (D:5)
  A sky beast (D:7)
  A black bear (D:9)
  5 ice beasts
  2 necrophages
  4 ogres
  18 wolves (Lair:1)
  4 centaurs
  A big kobold (D:8)
  Blork the orc (D:6)
  7 bullfrogs
  A wyvern zombie (D:8)
  A water moccasin skeleton (D:7)
  8 scorpions
  6 wights
  A crimson imp (D:7)
  2 jellies (D:5)
  An orc priest (D:6)
  4 hounds
  Crazy Yiuf (D:3)
  A centaur zombie (D:5)
  A centaur skeleton (D:5)
  3 bullfrog skeletons
  An orc wizard (D:5)
  An iguana (D:5)
  5 worker ants
  A killer bee zombie (D:5)
  A hound zombie (D:5)
  A gnoll (D:1)
  A howler monkey skeleton (D:8)
  15 adders
  2 shadow imps
  2 adder zombies (D:6)
  An ooze (D:2)
  A worm (D:3)
  A dart slug (D:1)
  4 leopard geckos
  9 orcs
  11 bats
  4 giant cockroaches
  6 goblins
  4 hobgoblins
  15 jackals
  12 kobolds
  3 ball pythons
  3 frilled lizards
  A jackal skeleton (D:4)
  A quokka zombie (D:7)
  8 rats
  5 fungi (D:4)
209 creatures vanquished.

Vanquished Creatures (collateral kills)
  A howler monkey (D:4)
1 creature vanquished.

Vanquished Creatures (others)
  A human (D:4)
  A fungus (D:4)
2 creatures vanquished.

Grand Total: 212 creatures vanquished

Notes
Turn   | Place    | Note
-------+----------+-------------------------------------------
     0 | D:1      | KeyboardFingers the Minotaur Berserker began the quest for the Orb.
     0 | D:1      | Reached XP level 1. HP: 19/19 MP: 0/0
   133 | D:1      | Reached XP level 2. HP: 26/27 MP: 1/1
   366 | D:2      | Reached XP level 3. HP: 33/33 MP: 2/2
   425 | D:2      | Reached ** piety under Trog
   803 | D:3      | Reached XP level 4. HP: 38/40 MP: 3/3
  1027 | D:3      | Reached skill level 5 in Polearms
  1153 | D:3      | Found a runed door.
  1157 | D:3      | Noticed Crazy Yiuf
  1163 | D:3      | Killed Crazy Yiuf
  1163 | D:3      | Reached skill level 1 in Shields
  1407 | D:4      | Got a polished chain mail
  1408 | D:4      | Identified the cursed +0 chain mail "Pimeadad" {rC+ MR- rCorr Str+5} (You found it on level 4 of the Dungeon)
  1433 | D:4      | Reached skill level 1 in Staves
  1433 | D:4      | Reached XP level 5. HP: 47/47 MP: 4/4
  1649 | D:4      | Found a hazy altar of Hepliaklqana.
  1650 | D:4      | Found a shimmering altar of Xom.
  1650 | D:4      | Noticed a yak
  1651 | D:4      | Noticed a spectral ugly thing
  1651 | D:4      | Noticed a yak
  1693 | D:4      | Reached skill level 2 in Staves
  1696 | D:4      | Reached XP level 6. HP: 53/53 MP: 5/5
  1917 | D:4      | Reached skill level 3 in Staves
  2335 | D:4      | Reached skill level 4 in Staves
  2335 | D:4      | Reached XP level 7. HP: 56/60 MP: 6/6
  2395 | D:4      | Found an ancient bone altar of Kikubaaqudgha.
  2396 | D:4      | Noticed a human
  2399 | D:4      | Killed a human
  2497 | D:4      | Noticed nicolaieve's ghost (amateur MiBe)
  2515 | D:4      | Killed nicolaieve's ghost
  2515 | D:4      | Reached skill level 5 in Fighting
  2515 | D:4      | Reached skill level 5 in Staves
  2515 | D:4      | Reached skill level 5 in Armour
  2638 | D:5      | Entered Level 5 of the Dungeon
  2686 | D:5      | Noticed Sigmund
  2690 | D:5      | Killed Sigmund
  2690 | D:5      | Reached skill level 6 in Staves
  2795 | D:5      | Reached XP level 8. HP: 43/68 MP: 7/7
  2812 | D:5      | Found a deep blue altar of Sif Muna.
  2840 | D:5      | Reached *** piety under Trog
  2879 | D:5      | Found a staircase to the Ecumenical Temple.
  2888 | Temple   | Entered the Ecumenical Temple
  2986 | D:5      | Reached skill level 7 in Staves
  3144 | D:5      | Got an ichor-stained rapier
  3145 | D:5      | Identified the +3 rapier of the Endless Expanse {pierce, +Rage rPois MR-} (You found it on level 5 of the Dungeon)
  3285 | D:5      | Reached skill level 8 in Staves
  3373 | D:5      | Found a bloodstained altar of Trog.
  3401 | D:5      | Found a stormy altar of Qazlal.
  3561 | D:6      | Found a glowing golden altar of the Shining One.
  3576 | D:6      | Reached skill level 5 in Dodging
  3608 | D:6      | Reached skill level 9 in Staves
  3725 | D:6      | Found Novuh's Gadget Emporium.
  3803 | D:6      | Noticed Blork the orc
  3804 | D:6      | Found a hide-covered altar of Uskayaw.
  3811 | D:6      | Killed Blork the orc
  3954 | D:7      | Reached XP level 9. HP: 65/75 MP: 8/8
  4090 | D:7      | Found an iron altar of Okawaru.
  4099 | D:7      | Found a sparkling altar of Nemelex Xobeh.
  4184 | D:7      | Reached skill level 10 in Staves
  4259 | D:7      | Reached **** piety under Trog
  4382 | D:7      | Noticed a cyclops
  4390 | D:7      | Killed a cyclops
  4751 | D:7      | Reached skill level 11 in Staves
  4867 | D:8      | Noticed a two-headed ogre
  4872 | D:8      | Noticed a manticore
  4880 | D:8      | Killed a manticore
  4884 | D:8      | Killed a two-headed ogre
  4884 | D:8      | Reached skill level 12 in Staves
  4884 | D:8      | Reached XP level 10. HP: 86/86 MP: 9/9
  5010 | D:8      | Noticed a two-headed ogre
  5016 | D:8      | Killed a two-headed ogre
  5031 | D:8      | Found an opulent altar of Gozag.
  5523 | D:9      | Reached skill level 13 in Staves
  5712 | D:9      | Found a staircase to the Lair.
  5721 | Lair:1   | Entered Level 1 of the Lair of Beasts
  5756 | Lair:1   | Reached ***** piety under Trog
  5773 | Lair:1   | Noticed a spiny frog
  5783 | Lair:1   | Killed a spiny frog
  5824 | Lair:1   | Reached XP level 11. HP: 95/95 MP: 10/10
  5859 | Lair:1   | HP: 3/97 [something (3)]
  5865 | Lair:1   | HP: 2/97 [something (3)]
  5869 | Lair:1   | Slain by a wolf

Skill      XL: |  1  2  3  4  5  6  7  8  9 10 11 |
---------------+----------------------------------+-----
Polearms       | 4 5 |  5.3
Fighting       | 4 5 6 7 8 9 |  9.5
Armour         | 3 4 5 6 7 8 |  8.8
Shields        | 1 2 |  2.0
Staves         | 1 2 4 6 9 12 13 | 13.7
Dodging        | 3 4 5 6 7 |  7.7

Action                   |  1- 3 |  4- 6 |  7- 9 | 10-12 || total
-------------------------+-------+-------+-------+-------++-------
Melee: Spear             |    86 |    30 |       |       ||   116
       Headbutt          |    12 |    17 |    36 |    33 ||    98
       Quarterstaff      |       |    70 |   157 |   133 ||   360
Invok: Berserk           |     1 |     2 |     4 |     1 ||     8
  Use: Scroll            |     2 |     6 |     5 |     2 ||    15
 Stab: Confused          |       |       |     2 |       ||     2
       Paralysed         |       |       |       |     1 ||     1
  Eat: Chunk             |     1 |     6 |    10 |     1 ||    18
       Ration            |       |       |     1 |       ||     1
Armor: Ring mail         |    34 |    11 |       |       ||    45
       Chain mail        |       |    24 |    51 |    73 ||   148
Dodge: Dodged            |    35 |    28 |    58 |    76 ||   197
Block: Shield            |     5 |     9 |       |       ||    14
